Map: 宿怨战场-天梯版

Players

MeomaikA

  • Race: Zerg Zerg
  • League: Bronze

Crimson - Winner!

  • Race: Zerg Zerg
  • League: Master

Event: WESG 2018 Grand Finals

VOD

Have the link to the VOD?

Description

Time

  • Played on: March 11, 2019, 2:38 a.m.
  • Length: 5:04

All games in this series

Show
View Real Time Build Order
Export as new Build Order

MeomaikA Zerg 

Build Orders: Pool First 

Get SALT Encoding   

  12  0:17  Spawning Pool  
  11  0:22  Drone  
  11  0:27  Drone  
  13  0:31  Drone  
  14  0:40  Overlord  
  14  1:04  Zergling x4  
  14  1:06  Zergling x2  
  14  1:08  Queen  
  19  1:17  Zergling x2  
  20  1:28  Zergling x2  
  21  1:38  Drone  
  21  1:39  Hatchery  
  21  1:50  Queen, Extractor  
  23  1:58  Overlord  
  23  2:16  Drone  
  23  2:18  Drone x3  
  23  2:19  Drone  
  27  2:27  Drone  
  26  2:37  Drone  
  27  2:51  Overlord  
  27  2:59  Overlord, Zergling x2  
  27  3:05  Extractor  
  27  3:10  Zergling x8  
  27  3:12  Zergling x4  
  38  3:23  Zergling x4  
  40  3:30  Zergling x6  
  43  3:41  Roach Warren  
  38  3:45  Evolution Chamber x2, Zergling x4  
  38  3:46  Zergling x6  
  42  3:48  Zergling x2  
  42  3:57  Zergling x2  
  42  3:58  Zergling x2  
  42  3:59  Overlord  
  42  4:01  Extractor  
  42  4:02  Zergling x2, Extractor  
  43  4:05  Zergling x2  
  49  4:17  Zergling x2  
  49  4:18  Zergling x2  
  49  4:19  Zergling x2  
  52  4:27  Overlord  
  52  4:29  Zergling x2, Extractor  
  52  4:30  Zergling x2, Extractor  
  51  4:46  Zergling x8  
  51  4:47  Zergling x2  
  45  4:55  Spine Crawler  
  45  4:56  Spine Crawler  
  45  4:59  Spine Crawler  
Show
View Real Time Build Order
Export as new Build Order

Crimson Zerg - Winner!

Build Orders: Hatch First 

Get SALT Encoding   

  12  0:00  Drone  
  13  0:12  Overlord  
  13  0:17  Drone  
  14  0:30  Drone x2  
  16  0:48  Hatchery  
  15  0:52  Drone  
  15  0:55  Drone  
  17  1:09  Spawning Pool  
  16  1:11  Extractor  
  16  1:13  Drone  
  16  1:17  Drone  
  17  1:20  Drone  
  18  1:31  Drone  
  19  1:55  Queen  
  19  1:56  Zergling x2  
  19  2:01  Queen, Zergling x6  
  27  2:12  Zergling x2  
  27  2:30  Metabolic Boost  
  27  2:42  Zergling x2  
  28  2:45  Overlord  
  26  3:03  Drone  
  26  3:04  Overlord  
  26  3:05  Drone x2  
  29  3:07  Drone x2  
  29  3:12  Drone x3  
  34  3:21  Overlord  
  34  3:24  Drone  
  34  3:26  Drone  
  36  3:38  Zergling x4  
  38  3:43  Hatchery  
  38  3:45  Zergling x2  
  38  3:48  Zergling x2  
  39  3:51  Zergling x2  
  39  3:53  Zergling x2  
  41  3:56  Zergling x2  
  41  3:57  Zergling x2  
  43  4:11  Drone x3  
  43  4:17  Zergling x10  
  49  4:23  Zergling x2  
  52  4:25  Overlord  
  52  4:28  Spine Crawler  
  52  4:30  Zergling x2  
  52  4:44  Zergling x8  
Tags
 
Add a new tag
Caveats
  • Supply blocks, unpowered buildings, or Contaminate may cause inaccurate times.
  • Supply counts are checked every 10 seconds.